[Event "Late-Titled-Tuesday-Blitz-March-05-2024"]
[Site "Chess.com"]
[Date "2024.03.05"]
[Round "8"]
[White "dimoni64"]
[Black "KorolDimitriy75"]
[Result "0-1"]
[WhiteElo "1975"]
[BlackElo "2396"]
[TimeControl "180+1"]
[EndTime "15:25:07 PST"]
[Termination "KorolDimitriy75 won by checkmate"]

1. d4 Nf6 2. c4 c5 3. Nf3 cxd4 4. Nxd4 g6 5. Nc3 Bg7 6. e4 Nc6 7. Be3 O-O 8. Be2 d6 9. O-O Bd7 10. Rc1 Nxd4 11. Bxd4 Bc6 12. f3 a5 13. b3 Nd7 14.
Qd2 Bxd4+ 15. Qxd4 Qb6 16. Qxb6 Nxb6 17. Nd5 Bxd5 18.
cxd5 Rfc8 19. Bb5 f5 20. Kf2 Kg7 21. Ke3 Kf6 22. Kd4 e5+ 23. dxe6 Kxe6 24. exf5+ gxf5 25. Rfe1+ Kf6 26. a4 h5 27. g3 h4 28. gxh4 Rh8 29.
Rc7 Rxh4+ 30. Kd3 Nd5 31. Rxb7 Nb4+ 32. Kc3 Rc8+ 33. Bc4 d5 34. Rb6+ Kg5 35. f4+ Rxf4 36. Rg1+ Rg4 37. h4+ Kf4 38. Rf1+ Kg3 39. Rxf5 dxc4 40.
bxc4 Rgxc4+ 41. Kb3 Rc3+ 42. Kb2 Rc2+ 43. Kb1 Rc1+ 44. Kb2 R8c2+ 45. Kb3 Rb1+ 46. Ka3 Ra2# 0-1

[Event "Late-Titled-Tuesday-Blitz-March-05-2024"]
[Site "Chess.com"]
[Date "2024.03.05"]
[Round "8"]
[White "Bala-Afiada"]
[Black "DraningWaterHi"]
[Result "0-1"]
[WhiteElo "1875"]
[BlackElo "2198"]
[TimeControl "180+1"]
[EndTime "15:25:07 PST"]
[Termination "DraningWaterHi won by resignation"]

1. d4 Nf6 2. c4 g6 3. Nc3 Bg7 4. e4 d6 5. Nf3 O-O 6. Be2 e5 7. Be3 Ng4 8. Bg5 f6 9. Bh4 Nc6 10. d5 Ne7 11. h3 Nh6 12. g4 Qe8 13. Qc2 f5 14. gxf5 gxf5 15. O-O-O Ng6 16. Bg5 f4 17. Rdg1 Nf7 18. h4 h6 19. Bf6 Bxf6 20. Rxg6+ Kh7 21. Rhg1 Qe7 22. Nb5 Bh8 23. Qd1 a6 24.
Nc3 Bf6 25. Nh2 Nh8 26. R6g2 Bxh4 27. Bg4 Bg5 28. Bf5+ Bxf5 29. exf5 f3+ 30. Kb1 fxg2 31. Rxg2 Rxf5 32. Ne4 Rg8 33. Ng4 Qf7 34. Rh2 Qg6 35. Rg2 Rf4 36. Nf6+ Kg7 37. Rxg5 hxg5 38. Nxg8 Qxe4+ 39. Ka1 Kxg8 40. Qh5 Qe1+ 0-1

[Event "Late-Titled-Tuesday-Blitz-March-05-2024"]
[Site "Chess.com"]
[Date "2024.03.05"]
[Round "8"]
[White "Viktor_Poddubnyi"]
[Black "zano2023"]
[Result "0-1"]
[WhiteElo "2244"]
[BlackElo "2118"]
[TimeControl "180+1"]
[EndTime "15:25:07 PST"]
[Termination "zano2023 won on time"]

1. e4 d6 2. d4 Nf6 3. Nc3 c6 4. a4 Nbd7 5. g3 e5 6. Nge2 Be7 7. Bg2 O-O 8. O-O Qc7 9. h3 Re8 10. g4 Nf8 11. Be3 Ng6 12. Ng3 a6 13. Qd2 Nh4 14. Bh1 h5 15. Nf5 Nxf5 16. gxf5 exd4 17. Bxd4 c5 18. Bxf6 Bxf6 19. Nd5 Qd8 20. c3 Bd7 21. a5 Bc6 22. Bf3 h4 23. Rfd1 Be5 24. Bg2 Bxd5 25. Qxd5 Qg5 26. Rd3 Qf4 27. Rad1 Rab8 28. Rf3 Qh6 29.
Rfd3 Qf6 30. Rf3 b6 31. axb6 Rxb6 32. b4 cxb4 33. cxb4 Reb8 34. Ra3 Qg5 35. Kf1 Qh5 36. Bf3 Qg5 37. Bg2 Rxb4 38. Rxa6 Rb1 39. Ra7 Rxd1+ 40.
Qxd1 Rc8 0-1

[Event "Late-Titled-Tuesday-Blitz-March-05-2024"]
[Site "Chess.com"]
[Date "2024.03.05"]
[Round "8"]
[White "IMRosen"]
[Black "anasta10"]
[Result "1-0"]
[WhiteElo "2668"]
[BlackElo "2525"]
[TimeControl "180+1"]
[EndTime "15:25:08 PST"]
[Termination "IMRosen won by checkmate"]

1. e4 g6 2. d4 Bg7 3. Nf3 d6 4. Bc4 a6 5. Qe2 b5 6. Bb3 c5 7. c3 c4 8. Bc2 Bb7 9. h4 h5 10. Nbd2 Nd7 11. Nf1 Qc7 12. Ng3 Ngf6 13. Bg5 Ng4 14.
Nd2 f6 15. Be3 Nxe3 16. Qxe3 Bh6 17. Qe2 O-O-O 18. a4 Kb8 19. axb5 axb5 20. Nf3 Nb6 21. d5 e6 22. dxe6 Rhe8 23. Nd4 Qc5 24. O-O Bf4 25. Qf3 Be5 26. Nge2 b4 27. Qe3 b3 28. Bb1 d5 29. f4 Bc7 30. e5 fxe5 31. fxe5 Qe7 32. Bxg6 Rg8 33. Rf6 Qg7 34. Raf1 Qh8 35. Nf4 Rc8 36. e7 Ka7 37. Nb5+ Kb8 38. Rxb6 Bxb6 39. Qxb6 Qxe5 40. Qa7# 1-0

[Event "Late-Titled-Tuesday-Blitz-March-05-2024"]
[Site "Chess.com"]
[Date "2024.03.05"]
[Round "8"]
[White "Fh2411"]
[Black "Vegan4future"]
[Result "1-0"]
[WhiteElo "2652"]
[BlackElo "2487"]
[TimeControl "180+1"]
[EndTime "15:25:09 PST"]
[Termination "Fh2411 won by checkmate"]

1. d4 f5 2. g3 e6 3. Bg2 Nf6 4. Nd2 d5 5. Ndf3 Nbd7 6. Nh3 Bd6 7. Bf4 O-O 8. c3 Qe7 9. Ne5 Bxe5 10. dxe5 Ng4 11. O-O h6 12. Qd4 c5 13. Qd1 Ngxe5 14.
Bxe5 Nxe5 15. Nf4 Bd7 16. Qc1 Bc6 17. Qe3 Qd6 18. b3 Rae8 19. Rad1 Ng4 20. Qd2 Nf6 21.
Ng6 Rf7 22. f4 Ne4 23. Bxe4 fxe4 24. e3 b6 25. Qg2 Bb7 26. Rf2 Rf6 27. Ne5 a5 28. Qh3 a4 29. g4 axb3 30. axb3 Ra8 31. Rg2 d4 32. g5 hxg5 33. Rxg5 Ra2 34. Kh1 Rxf4 35. Rdg1 Qe7 36. Rxg7+ Qxg7 37. Rxg7+ Kxg7 38.
Qg3+ Kh7 39. Qxf4 dxc3 40. Qf7+ Kh6 41. Qg6# 1-0

[Event "Late-Titled-Tuesday-Blitz-March-05-2024"]
[Site "Chess.com"]
[Date "2024.03.05"]
[Round "8"]
[White "KerryStead"]
[Black "Arlo2024"]
[Result "1-0"]
[WhiteElo "2075"]
[BlackElo "2274"]
[TimeControl "180+1"]
[EndTime "15:25:10 PST"]
[Termination "KerryStead won on time"]

1. d4 Nf6 2. f3 c5 3. d5 e6 4. c4 b5 5. dxe6 fxe6 6. cxb5 d5 7. a4 Bd6 8. Na3 O-O 9. Bg5 Qe8 10. Qc2 Qh5 11. Be3 Nbd7 12. Bf2 Bb7 13. e3 e5 14. Ne2 Rae8 15. Ng3 Qh6 16. Nf5 Qg5 17. Nxd6 Rb8 18. Nxb7 Rxb7 19. Rd1 Kh8 20. Bg3 d4 21. e4 Nh5 22. Qd2 Qg6 23. Bh4 Nf4 24. Nc4 Rbb8 25.
Bg3 Nh5 26. Bf2 Rbe8 27. Rc1 Nf4 28. g3 Ne6 29. Bg2 Ng5 30. Qe2 Qf7 31. Nd2 Qa2 32. b3 Rf7 33. O-O Ref8 34. Be1 Nb6 35. Rf2 Nc8 36.
Nc4 Qxb3 37. h4 1-0

[Event "Late-Titled-Tuesday-Blitz-March-05-2024"]
[Site "Chess.com"]
[Date "2024.03.05"]
[Round "8"]
[White "VladimirKramnik"]
[Black "ameetghasi100"]
[Result "1-0"]
[WhiteElo "2993"]
[BlackElo "2790"]
[TimeControl "180+1"]
[EndTime "15:25:11 PST"]
[Termination "VladimirKramnik won by resignation"]

1. e4 g6 2. d4 d6 3. Nf3 Bg7 4. Be2 Nf6 5. Nc3 O-O 6. O-O Nc6 7. d5 Nb8 8. h3 c6 9. Re1 a6 10. a4 a5 11. Bf4 Na6 12. Qd2 Nc5 13. Bf1 Re8 14.
dxc6 bxc6 15. e5 dxe5 16. Qxd8 Rxd8 17. Nxe5 Bb7 18. Be3 Ncd7 19. Nxd7 Rxd7 20. Bc5 e6 21. Rad1 Ba6 22. Bxa6 Rxa6 23. b3 Ra8 24. Kf1 Nd5 25. Ne4 Rb7 26. g3 h6 27. Kg2 Nb4 28. Bxb4 Rxb4 29.
Rd7 Rf8 30. Rc7 Rb6 31. Rd1 Rb4 32. Nc5 h5 33. Rdd7 h4 34. Nxe6 Be5 35. Nxf8 Bxc7 36. Rxc7 Kxf8 37. Rxc6 hxg3 38. Kxg3 Rd4 39. Rc5 Rd2 40.
Kf3 f5 41. Ke3 Rd7 42. Rxa5 Rd1 43. Rc5 Rh1 44. a5 Rxh3+ 45. Kf4 Kf7 46. a6 Kf6 47. Rc6+ Kg7 48. a7 Rh7 49. Rc7+ 1-0

[Event "Late-Titled-Tuesday-Blitz-March-05-2024"]
[Site "Chess.com"]
[Date "2024.03.05"]
[Round "8"]
[White "finec2"]
[Black "HaryKane"]
[Result "0-1"]
[WhiteElo "2230"]
[BlackElo "2581"]
[TimeControl "180+1"]
[EndTime "15:25:12 PST"]
[Termination "HaryKane won by resignation"]

1. e4 g6 2. d4 Bg7 3. Nc3 d6 4. f4 Nf6 5. Nf3 O-O 6. e5 Nfd7 7. h4 h5 8. e6 fxe6 9. Ng5 Nf6 10. Bd3 Qe8 11. Nb5 Na6 12. c4 c6 13. Nc3 c5 14.
Be3 Ng4 15. Bg1 cxd4 16. Nb5 Bd7 17. Nxd4 e5 18. Nde6 Rf6 19. Nxg7 Kxg7 20. fxe5 Nxe5 21. Be2 Bf5 22. Bd4 Nb4 23. O-O Nc2 24. Rxf5 Nxd4 25. Rxf6 Nxe2+ 26. Qxe2 exf6 27. Ne4 Qe6 28. b3 d5 29.
cxd5 Qxd5 30. Rd1 Qc6 31. Rd6 Qc1+ 32. Kh2 Ng4+ 33. Kg3 Re8 34. Rd7+ Kh8 35. Qf3 Qe1+ 36. Nf2 Re3 37. Rd8+ Kg7 38. Rd7+ Kf8 0-1

[Event "Late-Titled-Tuesday-Blitz-March-05-2024"]
[Site "Chess.com"]
[Date "2024.03.05"]
[Round "8"]
[White "nindjaxx8"]
[Black "Sinquefield"]
[Result "1-0"]
[WhiteElo "2706"]
[BlackElo "2516"]
[TimeControl "180+1"]
[EndTime "15:25:14 PST"]
[Termination "nindjaxx8 won by resignation"]

1. d4 Nf6 2. c4 d6 3. Nc3 Nbd7 4.
Nf3 e5 5. dxe5 dxe5 6. Bg5 Be7 7. e3 c6 8. Qc2 O-O 9. Be2 Qa5 10. Bh4 Re8 11.
O-O Bf8 12. a3 e4 13. Nd4 Qe5 14. Bg3 Qg5 15. Rad1 a5 16. Nb3 Qg6 17. Bd6 Ne5 18. Kh1 Bg4 19. h3 Bxe2 20. Qxe2 Red8 21. Bxe5 Rd3 22.
Bxf6 gxf6 23. Nd4 h5 24. Rd2 Rd8 25. Rfd1 c5 26. Nc2 Qf5 27. Ne1 Rxd2 28. Rxd2 Re8 29. Rd5 Re5 30. Rxe5 Qxe5 31. Qc2 Bd6 32. g3 Qe6 33.
Kg2 f5 34. b3 h4 35. Nd5 Qg6 36. Nf4 Qf6 37. Qd2 b6 38. a4 Kf8 39. Kh2 Kg8 40. Neg2 hxg3+ 41. fxg3 Kf8 42. Qd5 Kg8 43. h4 Kh7 44. h5 Kh6 45. Nh4 Kg5 46. Nxf5 Kg4 47.
Nxd6 Qb2+ 48. Ng2 Qf2 49. Qxe4+ Kxh5 50. Qf5+ Qxf5 51. Nxf5 1-0

[Event "Late-Titled-Tuesday-Blitz-March-05-2024"]
[Site "Chess.com"]
[Date "2024.03.05"]
[Round "8"]
[White "ansko1999"]
[Black "Eloist"]
[Result "1-0"]
[WhiteElo "2664"]
[BlackElo "2434"]
[TimeControl "180+1"]
[EndTime "15:25:14 PST"]
[Termination "ansko1999 won by checkmate"]

1. a4 e5 2. e4 Nf6 3. Nc3 Bc5 4. Bc4 O-O 5. d3 c6 6. Nf3 d5 7. Ba2 dxe4 8. Nxe4 Nxe4 9. dxe4 Qxd1+ 10. Kxd1 Bxf2 11. Rf1 Bc5 12. Ng5 Bg4+ 13. Ke1 Bh5 14. g4 Bg6 15. h4 h5 16. gxh5 Bxh5 17. Rf5 Nd7 18. Ne6 Bg6 19. Rg5 Kh7 20. Nxf8+ Rxf8 21. Bd2 Be7 22. Rg4 Nf6 23. Rg5 Nxe4 24. Rxe5 Bxh4+ 25. Ke2 Kg8 26. Rg1 Ng3+ 27. Kf3 Bh5+ 28. Rxh5 Nxh5 29. Kg4 Rd8 30. Bc3 Bf6 31. Kxh5 Bxc3 32. bxc3 Rd2 33. Bb3 g6+ 34.
Kh6 b5 35. Re1 Rd7 36. Re8# 1-0

[Event "Late-Titled-Tuesday-Blitz-March-05-2024"]
[Site "Chess.com"]
[Date "2024.03.05"]
[Round "8"]
[White "lefonghua"]
[Black "Quattroporte300"]
[Result "1-0"]
[WhiteElo "2602"]
[BlackElo "2465"]
[TimeControl "180+1"]
[EndTime "15:25:16 PST"]
[Termination "lefonghua won on time"]

1. d4 d5 2. c4 dxc4 3. Nf3 Nf6 4. e3 e6 5. Bxc4 a6 6. Bb3 c5 7. O-O Nc6 8. Nc3 Be7 9. Qe2 O-O 10. Rd1 Qc7 11.
dxc5 Bxc5 12. Bd2 e5 13. Nd5 Nxd5 14. Bxd5 Qe7 15. Bxc6 bxc6 16. e4 Bg4 17. h3 Bh5 18. Be3 Bd6 19. Rac1 c5 20. Rd5 Rfc8 21. g4 Bg6 22.
Nd2 f6 23. Nc4 Bc7 24. Bxc5 Qe6 25. b4 Be8 26. f3 Bb5 27. Qc2 h5 28. Kg2 Bc6 29.
Rd2 Kh7 30. Ne3 a5 31. a3 axb4 32. axb4 Bb5 33. Nd5 Bd8 34. Qc3 Rc6 35. Qe3 Rac8 36. Qf2 Qf7 37. Qh4 f5 38. Qxh5+ Qxh5 39. gxh5 fxe4 40. Re1 exf3+ 41. Kxf3 Rh6 42. Rxe5 Bh4 43. Kg4 Bd8 44. Rf2 Bd7+ 45. Kg3 Bc7 46. Nxc7 Rxc7 47.
Rf7 Rb7 48. Ree7 Bc6 49. Rxg7+ 1-0

[Event "Late-Titled-Tuesday-Blitz-March-05-2024"]
[Site "Chess.com"]
[Date "2024.03.05"]
[Round "8"]
[White "ACollins05"]
[Black "SchmakAttack"]
[Result "0-1"]
[WhiteElo "2609"]
[BlackElo "2823"]
[TimeControl "180+1"]
[EndTime "15:25:17 PST"]
[Termination "SchmakAttack won by checkmate"]

1. d4 Nf6 2. c4 e6 3. Nf3 b6 4. g3 Bb7 5. Bg2 Be7 6. O-O O-O 7. Nc3 Ne4 8. Bd2 f5 9. Ne5 d6 10. Nd3 Nxc3 11. Bxc3 Bxg2 12. Kxg2 Qd7 13. Rc1 Bf6 14. d5 Bxc3 15. Rxc3 e5 16. f3 Qe7 17. e4 fxe4 18. fxe4 Nd7 19. Rc2 Rxf1 20. Qxf1 Rf8 21. Rf2 Rxf2+ 22.
Qxf2 Qg5 23. h4 Qg6 24. Qf3 Nf6 25. Nf2 h5 26. Kf1 Kf7 27. Ke2 Ke7 28. Kd3 Kd7 29. Nh3 c6 30. dxc6+ Kxc6 31. Ng5 Qe8 32. Qd1 Qc8 33.
Qa4+ Kb7 34. Qb4 Qg4 35. Qe1 a5 36. Qe3 Qd1+ 37. Qd2 Qb1+ 38. Kc3 Qxe4 39. Qxd6 Qe3+ 40. Qd3 Qe1+ 41. Kc2 e4 42. Qd6 e3 43. Ne6 Qe2+ 44. Kb3 Qf3 45. Nd4 Qe4 46. c5 Qd3+ 47. Ka4 Qc4+ 48.
Ka3 Qb4# 0-1

[Event "Late-Titled-Tuesday-Blitz-March-05-2024"]
[Site "Chess.com"]
[Date "2024.03.05"]
[Round "8"]
[White "SameerMujumdar"]
[Black "karinachess1"]
[Result "0-1"]
[WhiteElo "2437"]
[BlackElo "2592"]
[TimeControl "180+1"]
[EndTime "15:25:18 PST"]
[Termination "karinachess1 won by resignation"]

1. e4 e5 2. Nf3 Nc6 3. Bb5 Nf6 4.
d3 d6 5. O-O Bd7 6. a3 g6 7.
Nc3 Bg7 8. h3 O-O 9. Bg5 Qe8 10.
Qd2 a6 11. Bc4 Nh5 12. Nd5 Rc8 13. g4 Nf4 14. Nxf4 exf4 15. Bxf4 Ne5 16. Nxe5 dxe5 17. Be3 Qe7 18. b4 Rfe8 19. Bg5 Qd6 20. Rad1 Be6 21. Bxe6 Qxe6 22. f4 f6 23. f5 Qd7 24. Be3 g5 25. Qf2 h6 26. h4 Kf7 27. Kg2 b6 28. Rh1 Rh8 29. Rh2 Qa4 30. Ra1 a5 31. hxg5 hxg5 32.
Rxh8 Rxh8 33. bxa5 Qxa5 34. Qd2 Qa4 35. Qc3 Qd7 36. a4 Ra8 37. a5 bxa5 38. Rxa5 Rxa5 39. Qxa5 Bf8 40. Qa2+ Kg7 41. Qc4 Qd6 42. Kf3 Be7 43. Bd2 Qb6 44. Kg2 Bd6 45. Qe6 Qb1 46. Qb3 Qd1 47.
Qc3 Qxg4+ 48. Kf2 Qh4+ 49. Kg2 g4 50. Be1 Qh3+ 51. Kg1 g3 52. Qd2 Bc5+ 0-1

[Event "Late-Titled-Tuesday-Blitz-March-05-2024"]
[Site "Chess.com"]
[Date "2024.03.05"]
[Round "8"]
[White "jlf287"]
[Black "KNVB"]
[Result "1-0"]
[WhiteElo "2563"]
[BlackElo "2798"]
[TimeControl "180+1"]
[EndTime "15:25:19 PST"]
[Termination "jlf287 won on time"]

1. d4 Nf6 2. c4 e6 3. g3 c5 4. Nf3 cxd4 5. Nxd4 a6 6. Bg2 Qc7 7. Nc3 d6 8. O-O Be7 9. Qd3 Nbd7 10. e4 Ne5 11.
Qd1 Qxc4 12. Re1 Qd3 13. f4 Qxd1 14. Rxd1 Ned7 15. Bf3 O-O 16. Be3 Re8 17. Nb3 Rb8 18. a4 b6 19. Rd2 Bb7 20. Rad1 Rec8 21. g4 h6 22. h4 g5 23. hxg5 hxg5 24. fxg5 Nh7 25.
g6 fxg6 26. Nd4 Ne5 27. Be2 Bg5 28. Nc2 Bxe3+ 29. Nxe3 Nf7 30. Bc4 Nhg5 31. Be2 Kf8 32.
Nc4 Rxc4 33. Bxc4 Nf3+ 34. Kf2 Nxd2 35. Rxd2 Ke7 36. Ke3 Rh8 37. Be2 Rh3+ 38. Kf2 Ne5 39. Rd4 Kd7 40. Rb4 Kc7 41. Rd4 g5 42. Rd1 Rh2+ 43. Ke3 Rh3+ 44. Kf2 Rh2+ 45. Ke3 Bc8 46. Rd4 Rh3+ 47. Kf2 Rh2+ 48. Ke3 Kc6 49. Rd1 Rh3+ 50. Kf2 Rh2+ 51. Ke3 a5 52. Rf1 1-0

[Event "Late-Titled-Tuesday-Blitz-March-05-2024"]
[Site "Chess.com"]
[Date "2024.03.05"]
[Round "8"]
[White "Beca95"]
[Black "alexrustemov"]
[Result "1-0"]
[WhiteElo "2968"]
[BlackElo "2797"]
[TimeControl "180+1"]
[EndTime "15:25:23 PST"]
[Termination "Beca95 won on time"]

1. Nf3 d5 2. c4 c6 3. d3 dxc4 4. dxc4 Qxd1+ 5. Kxd1 Nf6 6. Nc3 Na6 7. h3 Bf5 8. g4 Rd8+ 9. Bd2 Bg6 10. Ne5 e6 11. Nxg6 hxg6 12. Bg2 Bd6 13. a3 Nc5 14.
Kc2 Be5 15. Rad1 Ke7 16. b4 Ncd7 17. Be3 a6 18. Na4 Rhe8 19. Bd2 Bc7 20. g5 Nh5 21. e3 Ne5 22. c5 Nd3 23. Rhf1 Rd7 24. Be4 Red8 25.
Bc3 Ne5 26. Rxd7+ Rxd7 27. Rg1 Rd8 28. Nb2 Kf8 29. f4 Nd7 30. Nc4 Ke7 31. Bf3 Nf8 32.
h4 Nd7 33. Bxh5 gxh5 34. Bxg7 Rg8 35. Bc3 Rg6 36. Rd1 Rg8 37. a4 Rd8 38. Rf1 Ke8 39. e4 Nf8 40. Bf6 Rd7 41. f5 exf5 42. exf5 Bg3 43.
Rf3 Bxh4 44. Re3+ 1-0

[Event "Late-Titled-Tuesday-Blitz-March-05-2024"]
[Site "Chess.com"]
[Date "2024.03.05"]
[Round "8"]
[White "Practical-Play"]
[Black "norwaytoadog"]
[Result "1-0"]
[WhiteElo "2586"]
[BlackElo "2299"]
[TimeControl "180+1"]
[EndTime "15:25:23 PST"]
[Termination "Practical-Play won on time"]

1. e4 c5 2. c3 d5 3. exd5 Qxd5 4. d4 Nc6 5. Nf3 Bg4 6. Be2 cxd4 7. cxd4 e6 8. Nc3 Bb4 9. O-O Qa5 10. h3 Bxf3 11.
Bxf3 Nge7 12. d5 exd5 13. Bxd5 Rd8 14. Bxc6+ bxc6 15. Qf3 O-O 16. Be3 Nd5 17. Nxd5 Rxd5 18. a3 Be7 19. Rac1 Bf6 20. b4 Qxa3 21. Rxc6 Rfd8 22.
Qg3 Be5 23. Qf3 Bf6 24. Qe4 Re5 25. Qg4 Kh8 26. Bd4 Ree8 27. Rxf6 Rxd4 28. Qxd4 gxf6 29. Qxf6+ Kg8 30. Rd1 Qxb4 31. Rd4 Qb1+ 32. Kh2 Qb8+ 33. g3 Kf8 34. Qh8+ Ke7 35. Qxh7 Qb2 36. Rf4 Kd8 37.
Qxf7 Re2 38. Qxa7 1-0

[Event "Late-Titled-Tuesday-Blitz-March-05-2024"]
[Site "Chess.com"]
[Date "2024.03.05"]
[Round "8"]
[White "prochn"]
[Black "Nouali_Mohamed"]
[Result "0-1"]
[WhiteElo "2402"]
[BlackElo "2541"]
[TimeControl "180+1"]
[EndTime "15:25:27 PST"]
[Termination "Nouali_Mohamed won by resignation"]

1. d4 Nf6 2. c4 g6 3. g3 Bg7 4. Bg2 O-O 5. Nf3 d6 6. O-O c5 7. d5 b5 8. cxb5 a6 9. bxa6 Bxa6 10. Nc3 Nbd7 11. Rb1 Qa5 12. Qc2 Nb6 13. Bd2 Nc4 14. Be1 Rfb8 15. Nd2 Ne5 16. Nf3 Nfd7 17. b3 Nxf3+ 18.
Bxf3 Ne5 19. Bg2 h5 20. h3 Qa3 21. f4 Nd7 22. Kh2 c4 23. Rf3 cxb3 24. Rxb3 Rxb3 25.
Qxb3 Qxb3 26. axb3 Rb8 27. Na4 Kf8 28. e4 Bd4 29.
Bc3 Bxc3 30. Rxc3 Ke8 31. h4 Kd8 32. Bh3 Bb5 33. g4 hxg4 34. Bxg4 Bxa4 35. bxa4 Rb2+ 36. Kg3 Nc5 37. e5 Ne4+ 38. Kf3 Nxc3 0-1

[Event "Late-Titled-Tuesday-Blitz-March-05-2024"]
[Site "Chess.com"]
[Date "2024.03.05"]
[Round "8"]
[White "laziestwin"]
[Black "titomagno_64"]
[Result "1/2-1/2"]
[WhiteElo "2581"]
[BlackElo "2345"]
[TimeControl "180+1"]
[EndTime "15:25:28 PST"]
[Termination "Game drawn by repetition"]

1. d4 Nf6 2. c4 g6 3. Nf3 Bg7 4. Bf4 d5 5. e3 O-O 6. Nc3 c5 7.
dxc5 Qa5 8. cxd5 Nxd5 9. Be5 Nxc3 10. Qd2 Bxe5 11. Nxe5 Qxc5 12. Qxc3 Qxc3+ 13. bxc3 Nd7 14. Nxd7 Bxd7 15. O-O-O Be6 16. Kb2 Rac8 17. Rd4 Rc6 18. Be2 Rfc8 19. Rc1 Bc4 20. Bxc4 Rxc4 21. Rxc4 Rxc4 22. Rd1 Rc7 23. Kb3 Kg7 24. c4 Kf6 25. Kb4 Ke6 26. c5 Rd7 27. Rxd7 Kxd7 28. Kb5 Kc7 29.
a4 a6+ 30. Kb4 Kc6 31. Kc4 e6 32. f4 f6 33. h4 h6 34. g4 h5 35. gxh5 gxh5 36.
Kd4 Kd7 37. Kc4 Kc6 38. Kd4 b5 39. cxb6 Kxb6 40. Kc4 Kc6 41. Kb4 Kb6 42. e4 a5+ 43. Kc4 Kc6 44. Kd4 Kd6 45. e5+ fxe5+ 46. fxe5+ Kc6 47.
Kc4 Kb6 48. Kd4 Kc6 49. Kc4 Kb6 50. Kd4 Kc6 1/2-1/2

[Event "Late-Titled-Tuesday-Blitz-March-05-2024"]
[Site "Chess.com"]
[Date "2024.03.05"]
[Round "8"]
[White "LangesNasenhaar"]
[Black "picturesquecheck"]
[Result "1-0"]
[WhiteElo "2529"]
[BlackElo "2409"]
[TimeControl "180+1"]
[EndTime "15:25:29 PST"]
[Termination "LangesNasenhaar won by resignation"]

1. d4 Nf6 2. Nc3 d5 3. Bf4 a6 4.
e3 g6 5. h4 h5 6. Nf3 Bg7 7. Qd2 Nbd7 8. Ne5 c6 9. f3 Nxe5 10.
Bxe5 Qa5 11. O-O-O Bd7 12. Kb1 b5 13. Nxd5 Qxd2 14. Nc7+ Kd8 15. Rxd2 Ra7 16. e4 Rxc7 17.
Bxc7+ Kxc7 18. c4 Rd8 19. Be2 Kb7 20. cxb5 axb5 21. Rhd1 Be8 22. a3 e6 23. Rd3 Nd7 24.
R3d2 Nb6 25. b3 Bf8 26. Kb2 Ra8 27. Ra1 f5 28. g4 fxg4 29. fxg4 Be7 30. gxh5 gxh5 31.
Bf3 Bxh4 32. Rh2 Bf6 33. e5 Be7 34. Bxh5 Nd5 35. Bf3 Bg6 36. Rg2 Rg8 37. Bxd5 cxd5 38. Rag1 Ra8 39. Rxg6 Bxa3+ 40. Kc3 Rc8+ 41. Kd3 Rc6 42. R1g2 b4 43. Rc2 Rb6 44. Rg7+ Ka6 45. Rcc7 Bb2 46. Ra7+ Kb5 47. Rab7 1-0

[Event "Late-Titled-Tuesday-Blitz-March-05-2024"]
[Site "Chess.com"]
[Date "2024.03.05"]
[Round "8"]
[White "JSPrepz"]
[Black "Msb2"]
[Result "1-0"]
[WhiteElo "2863"]
[BlackElo "2992"]
[TimeControl "180+1"]
[EndTime "15:25:30 PST"]
[Termination "JSPrepz won by checkmate"]

1. c4 e6 2. g3 d5 3. Bg2 Nf6 4.
Nf3 Nc6 5. O-O Bd6 6. b3 O-O 7. Bb2 d4 8. e3 e5 9. exd4 Nxd4 10.
Bxd4 exd4 11. d3 c5 12. Nbd2 Bf5 13. Qc2 Qd7 14. Rfe1 Rae8 15. b4 cxb4 16. Nb3 Bg6 17. c5 Bc7 18. Nfxd4 Rxe1+ 19. Rxe1 Re8 20. Rxe8+ Qxe8 21.
Bxb7 Qe1+ 22. Kg2 h5 23. h4 Ng4 24. Nf3 Qe6 25. Be4 Bxe4 26. dxe4 a5 27. Nbd4 Qf6 28.
Nb5 Qc6 29. Nfd4 Qf6 30. c6 Be5 31. Nf3 Bb8 32. c7 Bxc7 33. Nxc7 Qb6 34. Nd5 Qb7 35. Qc8+ Qxc8 36. Ne7+ Kf8 37. Nxc8 a4 38. Nd4 Ne5 39. Nb6 b3 40. axb3 a3 41. Nc2 Nd3 42. Nxa3 Ne1+ 43.
Kf1 Nf3 44. Nbc4 Nd4 45. b4 Ke7 46. b5 Ke6 47. b6 Kd7 48. b7 Kc7 49. Na5 Kb8 50.
N3c4 Nb5 51. Ne5 Na7 52. Nxf7 g5 53. hxg5 Kc7 54. g6 Kd7 55. b8=Q Nc8 56. g7 h4 57. g8=Q h3 58. Qbxc8+ Ke7 59. Qcd8+ Ke6 60. Qg6# 1-0

[Event "Late-Titled-Tuesday-Blitz-March-05-2024"]
[Site "Chess.com"]
[Date "2024.03.05"]
[Round "8"]
[White "DeArron_Fox"]
[Black "Goryachkina"]
[Result "1-0"]
[WhiteElo "2561"]
[BlackElo "2691"]
[TimeControl "180+1"]
[EndTime "15:25:30 PST"]
[Termination "DeArron_Fox won by resignation"]

1. d4 Nf6 2. c4 e6 3. Nf3 d5 4.
Nc3 a6 5. cxd5 exd5 6. Bg5 Be6 7. Bxf6 Qxf6 8. Qb3 b5 9. a4 b4 10. Nxd5 Qd8 11. e4 c6 12. Qe3 cxd5 13. exd5 Qxd5 14. Rc1 Be7 15. Bd3 Qd6 16. Be4 Ra7 17. d5 Rd7 18. dxe6 Qxe6 19. Rc8+ Rd8 20. Rxd8+ Bxd8 21. Nd4 Qe7 22. Nf5 Qe5 23. f4 Bb6 24. fxe5 Bxe3 25. Nxe3 Nd7 26. Bc6 Kd8 27. Bxd7 Kxd7 28. Ke2 Ke6 29. Rc1 Rd8 30. Rc6+ Kxe5 31. Rxa6 g6 32. Rb6 f5 33. Rxb4 f4 34. Nc4+ Kf5 35. a5 g5 36.
a6 Re8+ 37. Kf2 Ra8 38. Ra4 1-0

[Event "Late-Titled-Tuesday-Blitz-March-05-2024"]
[Site "Chess.com"]
[Date "2024.03.05"]
[Round "8"]
[White "sotochess"]
[Black "Qvalda"]
[Result "1-0"]
[WhiteElo "2585"]
[BlackElo "2434"]
[TimeControl "180+1"]
[EndTime "15:25:30 PST"]
[Termination "sotochess won on time"]

1. e4 e6 2. Qe2 Nc6 3. Nf3 Be7 4.
g3 d5 5. d3 dxe4 6. dxe4 e5 7.
Bg2 Nf6 8. O-O Bg4 9. c3 O-O 10. h3 Be6 11. Rd1 Qe8 12. Ng5 Bd7 13. Nd2 h6 14.
Ngf3 Bd6 15. Nc4 Qe7 16. b4 a6 17. a4 Be6 18. Nh4 Rfd8 19. Be3 Kh7 20. Nf5 Bxf5 21. exf5 Rd7 22. g4 Rad8 23. b5 axb5 24. axb5 Nb8 25. Bxb7 Bc5 26. Rxd7 Nfxd7 27. Bg2 Bxe3 28. Qxe3 f6 29. Na5 Nb6 30. c4 Qb4 31. c5 Nc4 32. Nxc4 Qxc4 33. b6 cxb6 34. cxb6 Rd3 35. Bf1 Rxe3 36.
Bxc4 Rc3 37. Bd5 Nd7 38. b7 Rc5 39. Be4 Rc4 40. f3 Rb4 41. Ra8 h5 42. Rd8 hxg4 43. hxg4 Kh6 44. Rxd7 Kg5 45. Rd8 Kf4 46. b8=Q 1-0

[Event "Late-Titled-Tuesday-Blitz-March-05-2024"]
[Site "Chess.com"]
[Date "2024.03.05"]
[Round "8"]
[White "thesupera12"]
[Black "AndresDelgado77"]
[Result "1-0"]
[WhiteElo "2481"]
[BlackElo "2298"]
[TimeControl "180+1"]
[EndTime "15:25:30 PST"]
[Termination "thesupera12 won on time"]

1. e4 e6 2. b3 d5 3. exd5 exd5 4.
Bb2 Nf6 5. Nf3 Be7 6. Be2 O-O 7.
O-O c5 8. d4 Nc6 9. c4 Ne4 10.
cxd5 Qxd5 11. Bc4 Qh5 12. d5 Na5 13. Re1 Bf6 14. Bxf6 Nxf6 15. Re5 Qh6 16. Be2 Bg4 17. Nc3 Qf4 18. Re7 Rad8 19. h3 Be6 20. Qe1 Bxd5 21. Re3 Nc6 22. Rc1 b6 23. g3 Qh6 24. h4 Bxf3 25.
Bxf3 Nd4 26. Bg2 Rfe8 27. Rxe8+ Rxe8 28. Qf1 Ng4 29. Re1 Rd8 30. Nd5 Qd6 31. Qc4 Nf6 32. Nf4 h6 33. a3 Qd7 34. Kh2 Ng4+ 35. Kg1 Qd6 36. b4 Ne5 37. bxc5 bxc5 38. Qc3 1-0

[Event "Late-Titled-Tuesday-Blitz-March-05-2024"]
[Site "Chess.com"]
[Date "2024.03.05"]
[Round "8"]
[White "Shahdad2007"]
[Black "rychessmaster1"]
[Result "1-0"]
[WhiteElo "2595"]
[BlackElo "2718"]
[TimeControl "180+1"]
[EndTime "15:25:33 PST"]
[Termination "Shahdad2007 won by resignation"]

1. Nf3 d5 2. c4 d4 3. b4 c5 4. Qa4+ Bd7 5. b5 Qc7 6. g3 e5 7. d3 Bd6 8. Bg2 Nf6 9. Qc2 a6 10. Na3 axb5 11. Nxb5 Bxb5 12. cxb5 Qa5+ 13. Nd2 Qxb5 14.
Rb1 Qa4 15. Qxa4+ Rxa4 16. a3 Nbd7 17. Rxb7 Ke7 18. Nc4 Ra6 19. O-O Rb8 20. Rxb8 Nxb8 21. Bd2 Nc6 22. Rb1 Nd8 23. Ba5 Ne8 24. Bxd8+ Kxd8 25. Rb7 Bc7 26. h4 g6 27. Bd5 f5 28. Rb5 Nd6 29.
Nxd6 Bxd6 30. Rb7 Bc7 31. Rb3 h6 32. Kg2 g5 33. h5 Ke7 34. Bc4 Ra7 35. Rb5 Kd6 36. Kf3 Rxa3 37. g4 e4+ 38. Kg2 exd3 39. exd3 fxg4 40. Kg3 Ra1 41. Kxg4 Rh1 42. Rb2 Rh4+ 43.
Kf5 Rxh5 44. Ra2 Rh2 45. Ra6+ Ke7 46. Re6+ Kf8 47. Kg6 Rxf2 48. Bb5 Kg8 49. Re8+ Rf8 50. Bc4+ 1-0